 Dungeon Crawl Stone Soup version 0.28-a0-845-gfc338a8e3c (webtiles) character file.

Game seed: 8375165716736767251

37487 Gargoyl the Fighter (level 13, -9/105 HPs)
             Began as a Gnoll Abyssal Knight on Nov 13, 2021.
             Was a High Priest of Lugonu.
             Mangled by a death yak (19 damage)
             ... on level 5 of the Lair of Beasts.
             The game lasted 00:26:16 (20255 turns).

Gargoyl the Fighter (Gnoll Abyssal Knight)         Turns: 20255, Time: 00:26:17

Health: -9/105     AC: 19    Str: 20    XL:     13   Next: 97%
Magic:  24/25      EV:  9    Int:  7    God:    Lugonu [*****.]
Gold:   888        SH: 12    Dex: 19    Spells: 29/29 levels left

rFire   . . .      SeeInvis .   C - +8 long sword "Uhuasinn" {vamp, Will+ Str+3 Int-3}
rCold   . . .      Faith    .   t - +0 kite shield
rNeg    + . .      Spirit   .   p - +0 plate armour
rPois   .          Reflect  .   (no helmet)
rElec   .          Harm     .   e - +0 cloak
rCorr   .          Rampage  .   D - +2 pair of gloves
Will    +....                   (no boots)
Stlth   ..........              v - amulet of regeneration
HPRegen 1.27/turn               c - +6 ring of dexterity
MPRegen 0.19/turn               x - ring of positive energy

@: no status effects
A: fangs 1, strong nose, distributed training
a: Renounce Religion, Depart the Abyss, Bend Space, Banish, Corrupt, Enter the
Abyss


You were on level 5 of the Lair of Beasts.
You worshipped Lugonu.
Lugonu was extremely pleased with you.
You visited 2 branches of the dungeon, and saw 17 of its levels.
You visited the Abyss 1 time.

You collected 1144 gold pieces.
You spent 256 gold pieces at shops.

Inventory:

Hand Weapons
 a - a +2 hand axe of flaming
 g - a +1 dagger of venom
 C - the +8 long sword "Uhuasinn" (weapon) {vamp, Will+ Str+3 Int-3}
   (You took it off a gnoll sergeant on level 10 of the Dungeon)

   It occasionally heals its wielder for a portion of the damage dealt when it
   wounds a living foe.
   Str:       It affects your strength (+3).
   Int:       It affects your intelligence (-3).
   Will:      It increases your willpower.
Missiles
 r - 87 poisoned darts (quivered)
 A - a throwing net
Armour
 e - a +0 cloak (worn)
 p - a +0 plate armour (worn)
 t - a +0 kite shield (worn)
 D - a +2 pair of gloves (worn)
Jewellery
 c - a +6 ring of dexterity (left hand)
 s - the amulet of Butchery {RegenMP rElec rN+ Stlth-}
   (You found it on level 3 of the Lair of Beasts)

   [amulet of magic regeneration]

   It increases your rate of magic regeneration.
   rElec:     It insulates you from electricity.
   rN:        It protects you from negative energy.
   Stlth:     It makes you less stealthy.
 v - an amulet of regeneration (around neck)
 x - a ring of positive energy (right hand)
 E - a ring of fire
Wands
 b - a wand of iceblast (38)
 f - a wand of charming (5)
 y - a wand of paralysis (11)
 F - a wand of flame (8)
 G - a wand of acid (7)
Scrolls
 n - 4 scrolls of blinking
 o - 4 scrolls of identify
 w - 5 scrolls of teleportation
 B - a scroll of fear
Potions
 d - a potion of flight
 h - 3 potions of might
 i - a potion of invisibility
 j - 4 potions of brilliance
 k - 2 potions of resistance
 l - 2 potions of magic
 m - a potion of cancellation
 q - a potion of berserk rage
 u - 4 potions of heal wounds
 z - 6 potions of curing
 I - 2 potions of haste
 J - a potion of mutation {unknown}
 K - a potion of degeneration {unknown}
Miscellaneous
 H - a lightning rod (4/4)


   Skills:
 + Level 10.9 Fighting
 + Level 8.8 Short Blades
 + Level 8.8 Long Blades
 + Level 9.9 Axes
 + Level 8.8 Maces & Flails
 + Level 8.8 Polearms
 + Level 8.8 Staves
 + Level 8.8 Slings
 + Level 8.8 Bows
 + Level 8.8 Crossbows
 + Level 8.8 Throwing
 + Level 9.9 Armour
 + Level 9.2 Dodging
 + Level 8.8 Stealth
 + Level 8.8 Shields
 + Level 8.8 Unarmed Combat
 + Level 8.8 Spellcasting
 + Level 7.3 Conjurations
 + Level 7.3 Hexes
 + Level 7.3 Summonings
 + Level 7.3 Necromancy
 + Level 7.3 Translocations
 + Level 7.3 Transmutations
 + Level 7.3 Fire Magic
 + Level 7.3 Ice Magic
 + Level 7.3 Air Magic
 + Level 7.3 Earth Magic
 + Level 7.3 Poison Magic
 + Level 10.6 Invocations
 + Level 8.8 Evocations


You had 29 spell levels left.
You didn't know any spells.
Your spell library contained the following spells:

 Spells                   Type           Power      Damage    Failure   Level
 Freeze                   Ice            52%        1d7       34%         1
 Shock                    Conj/Air       52%        1d6       34%         1
 Ensorcelled Hibernation  Hex/Ice        26%        N/A       47%         2
 Call Canine Familiar     Summ           13%        N/A       71%         3
 Dazzling Flash           Conj/Hex       26%        N/A       71%         3
 Frozen Ramparts          Ice            26%        1d4       71%         3
 Inner Flame              Hex/Fire       13%        N/A       71%         3
 Portal Projectile        Hex/Tloc       26%        N/A       71%         3
 Swiftness                Air            13%        N/A       71%         3
 Teleport Other           Tloc           13%        N/A       71%         3
 Tukima's Dance           Hex            13%        N/A       71%         3
 Vampiric Draining        Necr           13%        2d6       71%         3
 Airstrike                Air            6%         N/A       98%         4
 Hailstorm                Conj/Ice       13%        3d5       98%         4
 Leda's Liquefaction      Hex/Erth       6%         N/A       98%         4
 Petrify                  Tmut/Erth      13%        N/A       98%         4
 Agony                    Necr           13%        N/A       100%        5
 Metabolic Englaciation   Hex/Ice        6%         N/A       100%        5
 Silence                  Hex/Air        6%         N/A       100%        5
 Summon Forest            Summ/Tloc      6%         N/A       100%        5
 Eringya's Noxious Bog    Tmut/Pois      6%         N/A       100%        6
 Statue Form              Tmut/Erth      8%         N/A       100%        6
 Summon Hydra             Summ           6%         N/A       100%        7


Dungeon Overview and Level Annotations

Branches:
Dungeon (11/15)            Temple (0/1) D:6            Lair (6/6) D:11
  Swamp (0/4) Lair:3       Spider (0/4) Lair:4
  Slime: Lair:5-6       Orc: D:9-12

Altars:
Ashenzari
Dithmenos
Okawaru
Qazlal
Ru
Sif Muna
Vehumet
Beogh

Shops:
D:6 *   D:7 *


Innate Abilities, Weirdness & Mutations

You have very sharp teeth.
Your uncanny sense of smell can sniff out nearby items.
Your experience applies equally to all skills.


Message History

The death yak gores you but does no damage.
You hit the death yak.
You feel better.
The death yak is moderately wounded.
The yak closely misses you. The death yak gores you!
The death yak gores you but does no damage.
Unknown command.
You slash the death yak!
You feel better.
The death yak is heavily wounded.
The yak gores you but does no damage. The death yak gores you!
The death yak gores you!!
You slash the death yak!
The death yak is severely wounded.
You block the yak's attack. The death yak gores you!
The death yak closely misses you.
Unknown command.
You hit the death yak but do no damage.
You bite the death yak, but do no damage.
The death yak is severely wounded.
The yak gores you but does no damage. The death yak gores you!
The death yak gores you but does no damage.
You hit the death yak.
You feel better.
The death yak is severely wounded.
The yak gores you. You block the death yak's attack. The death yak gores you!!
Unknown command.
You slash the death yak!
The death yak is almost dead.
The yak gores you but does no damage. You block the death yak's attack.
The death yak gores you!!
* * * LOW HITPOINT WARNING * * *
You hit the death yak but do no damage.
You bite the death yak, but do no damage.
The death yak is almost dead.
The yak gores you.
* * * LOW HITPOINT WARNING * * *
You block the death yak's attack. x2
Unknown command.
Unknown command.
Space bends sharply around you!
The death yak blinks! x2; You blink.
The death yak gores you!!
You die...

............................≈.≈..
...........................≈≈....
...........P##.............≈≈....
........##PP...#.......##....≈≈≈≈
P###....P......§#.....###....≈≈≈≈
###............§#.....##P..≈.≈.≈≈
.##......P.....Y.#......P.....≈≈≈
.........#.......#...............
.#.#............@......#...P..≈..
........##PP###Y......##..P##....
......(.#....##.#.......#.###P...
###....................#.#..###..
#................................
.................................
.<...............................
###.P............................
####..................†..+..#+#..


You could see a death yak and a yak.

Vanquished Creatures
  A boulder beetle (Lair:4)
  3 hydras
  A centaur warrior (D:10)
  3 two-headed ogres
  Erica (D:9)
  4 death yaks (Lair:5)
  The ghost of hemabe71 the Sneak, a novice HuAr (D:5)
  An ugly thing (D:11)
  An oklob plant (Lair:2)
  A black mamba (Lair:2)
  6 elephants (Lair:4)
  4 cane toads
  6 komodo dragons
  A tengu conjurer (D:11)
  4 jumping spiders (Lair:4)
  2 polar bears
  24 blink frogs
  A tyrant leech (Lair:3)
  A hornet (D:9)
  A meliai zombie (D:7)
  7 dream sheep
  3 redbacks (Lair:4)
  A shadow (D:9)
  25 yaks
  A wraith (D:5)
  4 basilisks
  2 wyverns
  A steam dragon (D:8)
  Eustachio (D:5)
  A swamp worm (Lair:3)
  Edmund (D:6)
  An acid dragon (D:9)
  15 water moccasins
  Duvessa (D:6)
  6 orc warriors
  2 sky beasts
  A black bear (D:8)
  3 ogres
  2 ice beasts
  6 centaurs
  8 wolves
  3 kobold brigands
  A phantom (D:7)
  13 bullfrogs
  2 gnoll sergeants
  5 scorpions
  Dowan (D:6)
  3 killer bees (D:9)
  A jelly (D:8)
  3 wights (D:7)
  5 howler monkeys
  An electric eel (Lair:5)
  4 centaur zombies
  A bullfrog zombie (D:7)
  7 hounds
  5 orc priests
  Crazy Yiuf (D:5)
  2 bullfrog skeletons
  Natasha (thrice) (D:3)
  3 iguanas (D:5)
  16 orc wizards
  2 hell rats (Lair:3)
  12 gnolls
  9 adders
  11 river rats
  A white imp (D:5)
  An ufetubus (D:4)
  An adder skeleton (D:4)
  A dart slug (D:1)
  42 orcs
  5 endoplasms
  2 giant cockroaches (D:1)
  7 goblins
  6 hobgoblins
  9 jackals
  20 kobolds
  3 quokkas
  10 ball pythons
  4 bats
  2 frilled lizards
  9 rats
396 creatures vanquished.

Vanquished Creatures (collateral kills)
  A bat (D:2)
1 creature vanquished.

Vanquished Creatures (others)
  A yak (Lair:1)
  An endoplasm (D:3)
  36 fungi
  36 plants
74 creatures vanquished.

Grand Total: 471 creatures vanquished

Notes
Turn   | Place    | Note
-------+----------+-------------------------------------------
     0 | Abyss:1  | Gargoyl the Gnoll Abyssal Knight began the quest for the
                  | Orb.
     0 | Abyss:1  | Reached XP level 1. HP: 23/23 MP: 3/3
    72 | Abyss:3  | Noticed a thrashing horror
   192 | Abyss:3  | Noticed a small abomination
   193 | Abyss:3  | Noticed a wretched star
   195 | Abyss:3  | Noticed a demonic crawler
   199 | D:1      | Escaped the Abyss
   243 | D:1      | Reached * piety under Lugonu
   446 | D:1      | Reached XP level 2. HP: 29/29 MP: 5/5
   954 | D:2      | Reached skill level 1 in Short Blades
   954 | D:2      | Reached skill level 1 in Long Blades
   954 | D:2      | Reached skill level 1 in Maces & Flails
   954 | D:2      | Reached skill level 1 in Polearms
   954 | D:2      | Reached skill level 1 in Staves
   954 | D:2      | Reached skill level 1 in Slings
   954 | D:2      | Reached skill level 1 in Bows
   954 | D:2      | Reached skill level 1 in Crossbows
   954 | D:2      | Reached skill level 1 in Throwing
   954 | D:2      | Reached skill level 1 in Stealth
   954 | D:2      | Reached skill level 1 in Shields
   954 | D:2      | Reached skill level 1 in Unarmed Combat
   954 | D:2      | Reached skill level 1 in Spellcasting
   954 | D:2      | Reached skill level 1 in Evocations
   954 | D:2      | Reached XP level 3. HP: 14/35 MP: 6/6
   964 | D:2      | Reached XP level 4. HP: 11/41 MP: 7/7
  1543 | D:2      | Reached skill level 1 in Conjurations
  1543 | D:2      | Reached skill level 1 in Hexes
  1543 | D:2      | Reached skill level 1 in Summonings
  1543 | D:2      | Reached skill level 1 in Necromancy
  1543 | D:2      | Reached skill level 1 in Translocations
  1543 | D:2      | Reached skill level 1 in Transmutations
  1543 | D:2      | Reached skill level 1 in Fire Magic
  1543 | D:2      | Reached skill level 1 in Ice Magic
  1543 | D:2      | Reached skill level 1 in Air Magic
  1543 | D:2      | Reached skill level 1 in Earth Magic
  1543 | D:2      | Reached skill level 1 in Poison Magic
  2196 | D:2      | Reached XP level 5. HP: 47/47 MP: 8/8
  2443 | D:3      | Found a radiant altar of Vehumet.
  2505 | D:3      | Reached ** piety under Lugonu
  2623 | D:3      | Noticed Natasha
  2631 | D:3      | Killed Natasha
  2707 | D:3      | Noticed Natasha
  2723 | D:3      | Killed Natasha
  2724 | D:3      | Reached skill level 5 in Invocations
  3184 | D:3      | Found a stormy altar of Qazlal.
  3201 | D:3      | Found a broken altar of Ashenzari.
  3205 | D:3      | Saw a vision of the Swamp and the Spider Nest.
  3205 | D:3      | Noticed a goliath frog
  3205 | D:3      | Noticed a redback
  3205 | D:3      | Noticed a wolf spider
  3205 | D:3      | Noticed a will-o-the-wisp
  3205 | D:3      | Noticed a swamp drake
  3205 | D:3      | Noticed a redback
  3205 | D:3      | Noticed a wolf spider
  3205 | D:3      | Noticed a redback
  3205 | D:3      | Noticed a redback
  3207 | D:3      | Noticed a hornet
  3208 | D:3      | Noticed Natasha
  3215 | D:3      | Killed Natasha
  3216 | D:3      | Reached XP level 6. HP: 47/53 MP: 9/9
  3690 | D:4      | Reached skill level 5 in Axes
  3690 | D:4      | Reached skill level 5 in Armour
  4082 | D:5      | Entered Level 5 of the Dungeon
  4174 | D:5      | Reached XP level 7. HP: 44/60 MP: 10/10
  4578 | D:5      | Noticed a wraith
  4604 | D:5      | Killed a wraith
  4605 | D:5      | Reached XP level 8. HP: 33/67 MP: 12/12
  4940 | D:5      | Found a runed translucent door.
  5139 | D:5      | Noticed hemabe71's ghost (novice HuAr)
  5418 | D:5      | Found a runed translucent door.
  5482 | D:5      | Reached *** piety under Lugonu
  5892 | D:5      | Noticed Eustachio
  5919 | D:5      | Killed Eustachio
  6232 | D:5      | Killed hemabe71's ghost
  6233 | D:5      | Reached XP level 9. HP: 37/73 MP: 6/15
  6579 | D:5      | Found a runed translucent door.
  6580 | D:5      | Noticed Crazy Yiuf
  6975 | D:5      | Killed Crazy Yiuf
  7276 | D:6      | Noticed Dowan
  7282 | D:6      | Reached skill level 5 in Dodging
  7653 | D:6      | Found a sacrificial altar of Ru.
  7905 | D:6      | Found an iron altar of Okawaru.
  7927 | D:6      | Noticed Duvessa
  7952 | D:6      | Killed Dowan
  7955 | D:6      | Killed Duvessa
  8114 | D:6      | Noticed Edmund
  8141 | D:6      | Killed Edmund
  8456 | D:6      | Found a staircase to the Ecumenical Temple.
  8490 | D:6      | Found Kasexac's General Store.
  8953 | D:7      | Found a runed translucent door.
  8984 | D:7      | Reached XP level 10. HP: 67/80 MP: 17/17
  9528 | D:7      | Reached skill level 5 in Short Blades
  9528 | D:7      | Reached skill level 5 in Long Blades
  9528 | D:7      | Reached skill level 5 in Maces & Flails
  9528 | D:7      | Reached skill level 5 in Polearms
  9528 | D:7      | Reached skill level 5 in Staves
  9528 | D:7      | Reached skill level 5 in Slings
  9528 | D:7      | Reached skill level 5 in Bows
  9528 | D:7      | Reached skill level 5 in Crossbows
  9528 | D:7      | Reached skill level 5 in Throwing
  9528 | D:7      | Reached skill level 5 in Stealth
  9528 | D:7      | Reached skill level 5 in Shields
  9528 | D:7      | Reached skill level 5 in Unarmed Combat
  9528 | D:7      | Reached skill level 5 in Spellcasting
  9528 | D:7      | Reached skill level 5 in Evocations
  9786 | D:7      | Noticed a cyclops
  9796 | D:7      | Banished a cyclops
 10048 | D:7      | Found Himn's Assorted Antiques.
 10058 | D:7      | Bought a scroll of teleportation for 96 gold pieces
 10058 | D:7      | Bought an opal ring for 160 gold pieces
 10554 | D:7      | Reached **** piety under Lugonu
 10847 | D:8      | Found a shimmering blue altar of Sif Muna.
 11027 | D:8      | Noticed a boulder beetle
 11044 | D:8      | Banished a boulder beetle
 11813 | D:9      | Noticed a two-headed ogre
 11819 | D:9      | Noticed Erica
 11824 | D:9      | Killed a two-headed ogre
 11825 | D:9      | Reached XP level 11. HP: 87/87 MP: 19/19
 11830 | D:9      | Noticed a two-headed ogre
 11849 | D:9      | Killed Erica
 12497 | D:8      | Reached skill level 5 in Conjurations
 12497 | D:8      | Reached skill level 5 in Hexes
 12497 | D:8      | Reached skill level 5 in Summonings
 12497 | D:8      | Reached skill level 5 in Necromancy
 12497 | D:8      | Reached skill level 5 in Translocations
 12497 | D:8      | Reached skill level 5 in Transmutations
 12497 | D:8      | Reached skill level 5 in Fire Magic
 12497 | D:8      | Reached skill level 5 in Ice Magic
 12497 | D:8      | Reached skill level 5 in Air Magic
 12497 | D:8      | Reached skill level 5 in Earth Magic
 12497 | D:8      | Reached skill level 5 in Poison Magic
 13134 | D:9      | Killed a two-headed ogre
 13354 | D:10     | Entered Level 10 of the Dungeon
 13496 | D:10     | Found a shadowy altar of Dithmenos.
 13546 | D:10     | Identified the +8 long sword "Uhuasinn" {vamp, Will+ Str+3
                  | Int-3}
 14011 | D:10     | Noticed a centaur warrior
 14024 | D:10     | Killed a centaur warrior
 14286 | D:11     | Noticed a boulder beetle
 14308 | D:11     | Banished a boulder beetle
 14657 | D:11     | Reached XP level 12. HP: 52/96 MP: 22/22
 14825 | D:11     | Found a staircase to the Lair.
 14831 | D:11     | Noticed a two-headed ogre
 14878 | D:11     | Killed a two-headed ogre
 15297 | Lair:1   | Entered Level 1 of the Lair of Beasts
 16070 | Lair:2   | Found an iron altar of Okawaru.
 16411 | Lair:2   | Reached skill level 10 in Fighting
 16491 | Lair:2   | Got Hermeneutics in Simple Steps
 17060 | Lair:3   | Noticed a four-headed hydra
 17069 | Lair:3   | Killed a one-headed hydra
 17129 | Lair:3   | Identified the amulet of Butchery {RegenMP rElec rN+
                  | Stlth-}
 17273 | Lair:3   | Reached ***** piety under Lugonu
 17448 | Lair:3   | Noticed an eight-headed hydra
 17450 | Lair:3   | Banished an eight-headed hydra
 17568 | Lair:3   | Noticed a six-headed hydra
 17581 | Lair:3   | Killed a one-headed hydra
 17582 | Lair:3   | Reached XP level 13. HP: 91/103 MP: 24/24
 17582 | Lair:3   | Found a staircase to the Swamp.
 17916 | Lair:3   | Found a shimmering blue altar of Sif Muna.
 18254 | Lair:4   | Reached skill level 10 in Invocations
 18473 | Lair:4   | Found a hole to the Spider Nest.
 19097 | Lair:4   | HP: 3/104 [poisoned by a redback]
 20234 | Lair:6   | Entered Level 6 of the Lair of Beasts
 20255 | Lair:5   | Mangled by a death yak

Illustrated notes

Levels and vault maps discovered:
D:1:      heliophobic_arrival_ceremonial_halls, layout_rooms
D:2:      layout_basic, minmay_hexomino_u4
D:3:      layout_loops_ring, mainiacjoe_overflow_alcove_2,
          amcnicky_altar_gilded, grunt_ashenzari_visionary
          [grunt_ashenzari_visionary_swamp, grunt_ashenzari_visionary_spider],
          minmay_misc_feat_alley, chequers_serial_rivers_room_b, uniq_natasha
D:4:      layout_loops_ring
D:5:      layout_loops_corners, ebering_ghost_sewer_f, uniq_crazy_yiuf_cottage,
          uniq_eustachio
D:6:      layout_basic, general_overflow_altar, okawaru_ov_weapons_minmay,
          minmay_temple_entry_butterflies, serial_shops, shop,
          portal_sewer_entry_b, uniq_duvessa, uniq_edmund
D:7:      layout_basic, serial_shops, nicolae_shop_statue_plus,
          hangedman_decor_lopped, lightli_church_of_beogh
D:8:      layout_loops_ring, lemuel_round_altar, kennysheep_opposing_triangles
D:9:      layout_long_grid, serial_co_window_serial, co_window_paths_a,
          co_window_of_opportunity_a, co_window_of_opportunity_a,
          co_window_corner_a, co_window_corner_a, co_window_corner_b,
          co_window_broadway_b, co_window_paths_c, co_window_of_opportunity_b,
          co_window_corner_b, co_window_broadway_a, co_window_4corner_a,
          glass_columns_a, glass_columns_b, glass_columns_a, glass_columns_a,
          glass_columns_a, uniq_erica
D:10:     layout_basic, mainiacjoe_overflow_alcove_1,
          minmay_fractal_squares_gapless_5
D:11:     layout_gridville, due_lair_maze_entry_diamond
Lair:1:   layout_long_grid, lemuel_fruit_tree
Lair:2:   layout_cave_pods, lemuel_oklob_altar, lemuel_fruit_fields
Lair:3:   layout_hall_layers, palyth_hydra_swamp_entry, basic_altar,
          cheibrodos_lair_caveside_slide, kennysheep_rathole, grunt_megastairs_2
Lair:4:   layout_loops_ring, nicolae_spider_entry_tight_spaces,
          cheibrodos_lair_reptile_den
Lair:5:   layout_regular_city, nicolae_quartered_pool_little,
          serial_bayou_pond_d, infiniplex_staircase_pool_2
Lair:6:   gammafunk_lair_ancient_temple, layout_gridlike, slime_altar_1,
          basic_altar, ebering_ghost_xom

Skill      XL: |  1  2  3  4  5  6  7  8  9 10 11 12 13 |
---------------+----------------------------------------+-----
Short Blades   | 1 2 4 5 6 7 8 |  8.8
Long Blades    | 1 2 4 5 6 7 8 |  8.8
Maces & Flails | 1 2 4 5 6 7 8 |  8.8
Polearms       | 1 2 4 5 6 7 8 |  8.8
Staves         | 1 2 4 5 6 7 8 |  8.8
Slings         | 1 2 4 5 6 7 8 |  8.8
Bows           | 1 2 4 5 6 7 8 |  8.8
Crossbows      | 1 2 4 5 6 7 8 |  8.8
Throwing       | 1 2 4 5 6 7 8 |  8.8
Stealth        | 1 2 4 5 6 7 8 |  8.8
Shields        | 1 2 4 5 6 7 8 |  8.8
Unarmed Combat | 1 2 4 5 6 7 8 |  8.8
Spellcasting   | 1 2 4 5 6 7 8 |  8.8
Evocations     | 1 2 4 5 6 7 8 |  8.8
Conjurations   | 1 2 3 4 5 6 7 |  7.3
Hexes          | 1 2 3 4 5 6 7 |  7.3
Summonings     | 1 2 3 4 5 6 7 |  7.3
Necromancy     | 1 2 3 4 5 6 7 |  7.3
Translocations | 1 2 3 4 5 6 7 |  7.3
Transmutations | 1 2 3 4 5 6 7 |  7.3
Fire Magic     | 1 2 3 4 5 6 7 |  7.3
Ice Magic      | 1 2 3 4 5 6 7 |  7.3
Air Magic      | 1 2 3 4 5 6 7 |  7.3
Earth Magic    | 1 2 3 4 5 6 7 |  7.3
Poison Magic   | 1 2 3 4 5 6 7 |  7.3
Dodging        | 3 4 5 6 7 8 9 |  9.2
Invocations    | 5 6 7 8 9 10 | 10.6
Axes           | 5 6 7 8 9 |  9.9
Armour         | 5 6 7 8 9 |  9.9
Fighting       | 7 8 9 10 | 10.9

Action                   |  1- 3 |  4- 6 |  7- 9 | 10-12 | 13-15 || total
-------------------------+-------+-------+-------+-------+-------++-------
Melee: Hand axe          |    27 |       |    99 |    54 |     6 ||   186
       Bite              |     8 |    29 |    62 |   194 |    88 ||   381
       Dagger            |    35 |   222 |   340 |   516 |       ||  1113
       Punch             |       |     3 |     2 |       |       ||     5
       Long sword        |       |       |       |   481 |   471 ||   952
Throw: Dart              |       |       |    17 |    20 |     4 ||    41
Invok: Depart the Abyss  |     1 |       |       |       |       ||     1
       Banish            |       |       |     1 |     6 |       ||     7
       Bend Space        |       |       |       |       |     1 ||     1
Evoke: Wand              |       |     2 |     9 |     6 |       ||    17
  Use: Potion            |     1 |       |     6 |     3 |     3 ||    13
       Scroll            |       |     5 |    12 |     8 |       ||    25
 Stab: Sleeping          |       |     1 |       |       |       ||     1
       Paralysed         |       |       |       |     2 |       ||     2
Armor: Ring mail         |    35 |    97 |   111 |       |       ||   243
       Leather armour    |     4 |       |       |       |       ||     4
       Skin              |       |       |    17 |       |       ||    17
       Plate armour      |       |       |    70 |   565 |   301 ||   936
Dodge: Dodged            |    45 |   128 |   189 |   391 |   222 ||   975
Block: Buckler           |       |       |    56 |   325 |       ||   381
       Kite shield       |       |       |       |   102 |   360 ||   462

Table legend: (Time is in decaauts)
 A = Elapsed time spent in this place.
 B = Non-inter-level travel time spent in this place.
 C = Inter-level travel time spent in this place.
 D = Time resting spent in this place.
 E = Time spent auto-exploring this place.
 F = Levels seen in this place.
 G = Mean time per level.
                   A        B        C        D        E       F      G
               +--------+--------+--------+--------+--------+-----+--------+
         Total |  20166 |  19545 |    621 |   2484 |  12310 |  20 | 1008.3 |
       Dungeon |  14920 |  14422 |    498 |   2264 |   8971 |  11 | 1356.4 |
          Lair |   5048 |   4926 |    122 |    120 |   3274 |   6 |  841.3 |
         Abyss |    198 |    198 |      0 |    100 |     65 |   3 |   66.0 |
               +--------+--------+--------+--------+--------+-----+--------+

Top non-repeatable levels by time:
     D:5: 2814 daAuts
     D:7: 1745 daAuts
     D:8: 1674 daAuts
     D:6: 1624 daAuts
     D:2: 1292 daAuts
  Lair:4: 1254 daAuts
     D:3: 1137 daAuts
     D:9: 1127 daAuts
  Lair:3: 1117 daAuts
    D:10: 993 daAuts
  Lair:2: 969 daAuts
  Lair:5: 951 daAuts
    D:11: 936 daAuts
     D:4: 844 daAuts
  Lair:1: 748 daAuts
